 Dungeon Crawl Stone Soup version 0.27-a0-1200-g94dc6ad4cf (webtiles) character file.

Game seed: 9545446945085178085

131 mandarbmax the Magician (level 5, -5/35 HPs)
             Began as a Djinni Hedge Wizard on May 31, 2021.
             Slain by a wyvern zombie (7 damage)
             ... on level 3 of the Dungeon.
             The game lasted 00:04:17 (3545 turns).

mandarbmax the Magician (Djinni Hedge Wizard)       Turns: 3545, Time: 00:04:17

Health: -5/35      AC:  2    Str:  9    XL:     5   Next: 37%
Gold:   11         EV: 12    Int: 16    God:
                   SH:  0    Dex: 13

rFire    + . .     SeeInvis .   a - +0 dagger
rCold    . . .     Faith    .   (no shield)
rNeg     . . .     Spirit   .   b - +0 robe
rPois    ∞         Reflect  .   c - +0 hat
rElec    .         Harm     .   (no cloak)
rCorr    .         Rampage  .   (no gloves)
Will     .....                  (boots unavailable)
Stlth    ++........             (no amulet)
HPRegen  0.11/turn              f - ring of wizardry
MPRegen  0.00/turn              k - ring of ice

@: flying
A: sickness immunity, fire resistance 2, cold vulnerability 1, float, innate
caster, hp casting, extra vitality 1
a: no special abilities


You were on level 3 of the Dungeon.
You visited 1 branch of the dungeon, and saw 3 of its levels.

You collected 105 gold pieces.
You spent 94 gold pieces at shops.

Inventory:

Hand Weapons
 a - a +0 dagger (weapon)
Missiles
 h - 66 stones
Armour
 b - a +0 robe (worn)
 c - a +0 hat (worn)
Jewellery
 f - a ring of wizardry (left hand)
 k - a ring of ice (right hand)
 m - a ring of protection from cold
Scrolls
 e - a scroll of teleportation {unknown}
 g - 2 scrolls of blinking {unknown}
 i - 2 scrolls of identify {unknown}
 l - a scroll of amnesia {unknown}
Potions
 d - a potion of degeneration {unknown}
 n - a potion of mutation {unknown}
 o - a potion of flight {unknown}


   Skills:
 - Level 2.1 Dodging
 - Level 1.5 Stealth
 + Level 4.4 Spellcasting


You couldn't memorise any spells.
You knew the following spells:

 Your Spells              Type           Power      Damage    Failure   Level
a - Magic Dart            Conj           68%        1d6       1%          1
b - Blink                 Tloc           N/A        N/A       1%          2
c - Call Imp              Summ           17%        N/A       1%          2
d - Slow                  Hex            17%        N/A       1%          2
e - Conjure Flame         Conj/Fire      17%        6-21      3%          3
f - Mephitic Cloud        Conj/Pois/Air  17%        N/A       3%          3
g - Sandblast             Erth           34%        2d9       1%          1
h - Wereblood             Tmut           17%        N/A       1%          2
Your spell library was empty.

Dungeon Overview and Level Annotations

Branches:
Dungeon (3/15)

Altars:

Shops:
D:2 *


Innate Abilities, Weirdness & Mutations

You are immune to sickness and miasma.
You are immune to poison.
Your flesh is very heat resistant. (rF++)
You are vulnerable to cold. (rC-)
You float through the air rather than walking.
You learn spells naturally, not from books.
Your magical power is your life essence.
You have superior vitality. (+4 HP)


Message History

d - a sapphire potion You see here 20 arrows.
You reach down and open the door.
There is an open door here.
A wyvern zombie comes into view.
A wyvern zombie is nearby!
The magic dart hits the wyvern zombie but does no damage.
The magic dart hits the wyvern zombie.
The wyvern zombie is lightly damaged.
The magic dart hits the wyvern zombie but does no damage.
The wyvern zombie is lightly damaged.
The magic dart hits the wyvern zombie.
The wyvern zombie is lightly damaged.
The magic dart hits the wyvern zombie.
The wyvern zombie is moderately damaged.
The wyvern zombie barely misses you.
The magic dart hits the wyvern zombie.
The wyvern zombie is heavily damaged.
The wyvern zombie bites you!
Casting: Magic Dart (safe; 1% risk of failure)
Confirm with . or Enter, or press ? or * to list all spells.
Aiming: Sandblast (safe; 1% risk of failure)
Press: ? - help, Shift-Dir - straight line, f/p - wyvern zombie
Aim: a wyvern zombie (heavily damaged, 93% to hit)
The blast of sand hits the wyvern zombie.
The wyvern zombie is heavily damaged.
h - 67 stones The wyvern zombie bites you.
The wyvern zombie bites you!
* * * LOW HITPOINT WARNING * * *
Casting: Sandblast (safe; 1% risk of failure)
Confirm with . or Enter, or press ? or * to list all spells.
Aiming: Sandblast (safe; 1% risk of failure)
Press: ? - help, Shift-Dir - straight line, f/p - wyvern zombie
Aim: a wyvern zombie (heavily damaged, 93% to hit)
The blast of sand hits the wyvern zombie!
The wyvern zombie is severely damaged.
h - 66 stones
* * * LOW HITPOINT WARNING * * *
The wyvern zombie bites you!
You die...

#.###.##########
.##.....<.........
#.#.#.##########.##
##...## #...#♣ ##.##
.... #.# ...# #.# #..
#.# #Z# #.# #@# #.#
##'## #.# ##.(.## #.####
##.....## #.##.##
##.......##
###.#...####.........#
...........+.........+
###.#...####.........♣
###..#.######......†#...


You could see a wyvern zombie.

Vanquished Creatures
  A phantom (D:3)
  An adder (D:2)
  An adder zombie (D:1)
  2 worms (D:2)
  3 dart slugs
  6 ball pythons
  3 goblins
  3 hobgoblins
  3 quokkas
  A ball python zombie (D:1)
  A bat (D:2)
  A frilled lizard (D:1)
  7 kobolds
  3 rats
36 creatures vanquished.

Vanquished Creatures (others)
  5 plants (D:2)
5 creatures vanquished.

Grand Total: 41 creatures vanquished

Notes
Turn   | Place    | Note
-------+----------+-------------------------------------------
     0 | D:1      | mandarbmax the Djinni Hedge Wizard began the quest for the
                  | Orb.
     0 | D:1      | Reached XP level 1. HP: 15/15 MP: 0/0
     2 | D:1      | You are sucked into a shaft and drop 1 floor!
   356 | D:2      | Reached skill level 3 in Spellcasting
   356 | D:2      | Reached XP level 2. HP: 12/21 MP: 0/0
   593 | D:2      | Reached XP level 3. HP: 15/25 MP: 0/0
   593 | D:2      | Learned a level 1 spell: Sandblast
   951 | D:2      | Found a faded altar of an unknown god.
  2325 | D:2      | Found Olepi Waxopp's Assorted Antiques.
  2329 | D:2      | Reached XP level 4. HP: 30/31 MP: 0/0
  2347 | D:2      | Bought a twisted bronze ring for 80 gold pieces
  3102 | D:2      | Bought a bubbling sapphire potion for 14 gold pieces
  3189 | D:3      | Noticed a phantom
  3210 | D:3      | Killed a phantom
  3211 | D:3      | Reached skill level 4 in Spellcasting
  3211 | D:3      | Reached XP level 5. HP: 12/35 MP: 0/0
  3211 | D:3      | Learned a level 2 spell: Wereblood
  3545 | D:3      | Slain by a wyvern zombie

Illustrated notes

Levels and vault maps discovered:
D:1:      saegor_arrival_fortress, layout_basic, hex_intersection,
          feat_on_display
D:2:      layout_loops_corners, basic_ecumenical_altar, serial_shops,
          nicolae_shop_overgrown_old_shop
D:3:      layout_loops_corners, serial_forest, infiniplex_forest_clump_long,
          infiniplex_forest_lined_ring, infiniplex_forest_end_1,
          infiniplex_forest_lined_ring, infiniplex_forest_straight_2,
          infiniplex_forest_lined_room_, infiniplex_forest_straight_3,
          infiniplex_forest_end_2, grunt_ministairs_13, hangedman_decor_lopped

Skill      XL: |  1  2  3  4 |
---------------+-------------+-----
Spellcasting   | 3 4 |  4.4
Dodging        | |  2.1
Stealth        | |  1.5

Action                   |  1- 3 |  4- 6 || total
-------------------------+-------+-------++-------
Melee: Dagger            |       |     9 ||     9
 Cast: Magic Dart        |    85 |    16 ||   101
       Sandblast         |     1 |    16 ||    17
       Call Imp          |     1 |     3 ||     4
       Mephitic Cloud    |       |     2 ||     2
       Conjure Flame     |       |     1 ||     1
  Use: Potion            |       |     2 ||     2
Armor: Robe              |     4 |     1 ||     5
Dodge: Dodged            |     4 |     6 ||    10

Table legend: (Time is in decaauts)
 A = Elapsed time spent in this place.
 B = Non-inter-level travel time spent in this place.
 C = Inter-level travel time spent in this place.
 D = Time resting spent in this place.
 E = Time spent auto-exploring this place.
 F = Levels seen in this place.
 G = Mean time per level.
                   A        B        C        D        E       F      G
               +--------+--------+--------+--------+--------+-----+--------+
         Total |   3544 |   3427 |    117 |    627 |   2584 |   3 | 1181.3 |
       Dungeon |   3544 |   3427 |    117 |    627 |   2584 |   3 | 1181.3 |
               +--------+--------+--------+--------+--------+-----+--------+

Top non-repeatable levels by time:
     D:2: 1928 daAuts
     D:1: 1197 daAuts
     D:3: 418 daAuts
